cohdb
Replays
Latest Replays
All Replays
Popular Replays
Top Player Replays
Match Explorer
How It Works
Community
CoH3 Stats
Reddit
Sign in to upload your games and track your stats! →
Sign in with Steam
Match 43853836
Unlisted
Match 43853836
Overview
Messages
Build Orders
End
Kettenkrad Recon Vehicle
Construct Infanterie Kompanie
Selects Terror Battlegroup
Selects Machine Gun Camouflage
MG 42 Machine Gun Team
Grenadier Squad
MG 42 Machine Gun Team
GrW 34 Mortar Team
Construct Luftwaffe Kompanie
221 Scout Car
Selects Contempt for the Weak
Support Elements
Jäger Squad
Wirbelwind Flakpanzer
Pioneer Squad
Construct Panzergrenadier Kompanie
Selects Propaganda Leaflet Drop
Propaganda Leaflet Drop
Nebelwerfer 42 Rocket Launcher Team
MG 42 Bunker
Propaganda Leaflet Drop
StuG III G Assault Gun
251 Medium Carrier
Propaganda Leaflet Drop
StuG III G Assault Gun
Pioneer Squad
Guderian ITA
Fajolada
Marchino
eSquire
waki55
WhtRngr4x
0
0
Comments
sign in to comment!
No comments posted yet!